 Dungeon Crawl Stone Soup version 0.26-a0-252-gb32a1a6195 (webtiles) character file.

Game seed: 1753755020618872239

91774 fritzmikael the Spry (level 15, -1/85 HPs)
             Began as a Spriggan Abyssal Knight on July 8, 2020.
             Was the Champion of Lugonu.
             Shot with an arrow by a centaur warrior (18 damage)
             ... on level 15 of the Dungeon on July 9, 2020.
             The game lasted 01:20:36 (33178 turns).

fritzmikael the Spry (Spriggan Abyssal Knight)     Turns: 33178, Time: 01:20:38

Health: -1/85      AC:  8    Str:  8    XL:     15   Next: 56%
Magic:  30/30      EV: 20    Int: 18    God:    Lugonu [******]
Gold:   1653       SH:  8    Dex: 18    Spells: 30/35 levels left

rFire    + + .     SeeInvis +   n - +9 quick blade (distort)
rCold    . . .     Faith    .   D - +0 buckler
rNeg     . . .     Spirit   .   T - +0 fire dragon scales
rPois    .         Reflect  .   (helmet restricted)
rElec    .         Harm     .   (no cloak)
rCorr    .                      (gloves unavailable)
MR       ++...                  (boots unavailable)
Stlth    ++++......             (no amulet)
HPRegen  0.24/turn              R - +4 ring of slaying
MPRegen  0.22/turn              F - ring of protection from cold

@: very quick
A: very small, unfitting armour, see invisible, herbivore, speed 3, slow
metabolism 2
a: Depart the Abyss, Bend Space, Banish, Corrupt, Enter the Abyss, Renounce
Religion


You were on level 15 of the Dungeon.
You worshipped Lugonu.
Lugonu was exalted by your worship.
You were not hungry.

You visited 3 branches of the dungeon, and saw 22 of its levels.
You visited the Abyss 1 time.
You also visited: Gauntlet.

You collected 1653 gold pieces.

Inventory:

Hand Weapons
 n - a +9 quick blade of distortion (weapon)
 S - a +4 vampiric rapier
 U - the +5 fustibalus of Grontol {flame, rElec rC+ Int+3 Dex+4}
   (You found it in a Gauntlet)

   It causes projectiles fired from it to burn those they strike, causing extra
   injury to most foes and up to half again as much damage against particularly
   susceptible opponents.
   It affects your intelligence (+3).
   It affects your dexterity (+4).
   It protects you from cold.
   It insulates you from electricity.
Missiles
 q - 93 poisoned darts
 w - 400 stones
 H - 81 sling bullets
 J - 2 curare-tipped darts (quivered)
Armour
 a - a +0 robe of resistance
 m - +1 steam dragon scales
 x - a +2 robe of magic resistance
 D - a +0 buckler (worn)
 T - +0 fire dragon scales (worn)
Jewellery
 g - an uncursed ring of ice
 i - an uncursed amulet of faith
 l - a +6 ring of dexterity
 y - a +4 ring of protection
 F - a ring of protection from cold (right hand)
 R - a +4 ring of slaying (left hand)
 V - a cursed ring of teleportation {unknown}
Wands
 j - a wand of iceblast (15)
 t - a wand of acid (9)
 G - a wand of polymorph (7)
 K - a wand of paralysis (34)
 L - a wand of flame (46)
 N - a wand of disintegration (43)
 Y - a wand of random effects (20)
Scrolls
 b - 4 scrolls of identify
 d - 3 scrolls of amnesia
 e - 11 scrolls of teleportation
 f - 2 scrolls of vulnerability
 k - 3 scrolls of fear
 o - 8 scrolls of remove curse
 s - 2 scrolls of magic mapping
 u - a scroll of enchant weapon
 B - 4 scrolls of blinking
 I - 4 scrolls of enchant armour
 P - 4 scrolls of fog
Potions
 h - a potion of flight
 p - 8 potions of curing
 r - 2 potions of might
 v - 2 potions of magic
 z - 2 potions of lignification
 A - 2 potions of brilliance
 C - 3 potions of haste
 E - 5 potions of mutation
 M - 2 potions of resistance
 O - a potion of cancellation
 Q - 3 potions of ambrosia
 X - a potion of stabbing {unknown}
 Z - a potion of heal wounds
Miscellaneous
 W - a box of beasts
Comestibles
 c - 59 rations


   Skills:
 + Level 12.7 Fighting
 - Level 11.0 Short Blades
 * Level 2.6 Armour
 - Level 16.4 Dodging
 - Level 12.2 Stealth
 - Level 7.2 Shields
 - Level 10.7 Spellcasting
 - Level 3.0 Conjurations
 - Level 2.0 Poison Magic
 - Level 9.3 Invocations


You had 30 spell levels left.
You knew the following spells:

 Your Spells              Type           Power        Failure   Level
a - Poisonous Vapours     Pois/Air       ##....       71%         2
b - Mephitic Cloud        Conj/Pois/Air  ###.....     85%         3

Your spell library contained the following spells:

 Spells                   Type           Power        Failure   Level
 Animate Skeleton         Necr           #.....       71%         1
 Apportation              Tloc           #.....       71%         1
 Corona                   Hex            #......      71%         1
 Pain                     Necr           #...         71%         1
 Summon Small Mammal      Summ           #...         71%         1
 Ensorcelled Hibernation  Hex/Ice        #.....       85%         2
 Conjure Flame            Conj/Fire      ###.....     86%         3
 Dazzling Flash           Conj/Hex       ###...       86%         3
 Confusing Touch          Hex            #.......     97%         3
 Tukima's Dance           Hex            #.......     97%         3
 Vampiric Draining        Necr           #.........   97%         3
 Animate Dead             Necr           #.........   100%        4
 Agony                    Necr           #.......     100%        5
 Freezing Cloud           Conj/Ice/Air   ##........   100%        6
 Ring of Flames           Chrm/Fire      #.........   100%        7


Dungeon Overview and Level Annotations

Branches:
Dungeon (15/15)            Temple (0/1) D:4            Lair (6/6) D:11
  Swamp (0/4) Lair:3       Spider (1/4) Lair:4        Slime (0/5) Lair:6
    Orc (0/2) D:9          Vaults (0/5) D:14         Depths (0/5) D:15
Gauntlet (visited)

Altars:
Dithmenos
Kikubaaqudgha
Ru
Sif Muna
Yredelemnul

Shops:
D:7 [

Annotations:
D:9 3 runed translucent doors, BritishOli's ghost, novice DsGl; Qiliddir's ghost, novice FeTm
Lair:6 exclusion: 6 oklob plants
Spider:1 Roxanne
Abyss:1 Azrael; Sonja


Innate Abilities, Weirdness & Mutations

You are very small and have problems with some larger weapons.
You are too small for most types of armour.
You have supernaturally acute eyesight. (SInv)
You are a herbivore.
You cover ground extremely quickly.
You need to consume almost no food.


Message History

Lugonu claims a new guest.
Your fire dragon scales prevents you from hitting the yaktaur.
The yaktaur misses you.
You puncture the yaktaur!
Space warps horribly around the yaktaur!
The yaktaur is heavily wounded.
You hit the yaktaur but do no damage.
The yaktaur is heavily wounded.
The yaktaur blinks!
The centaur warrior wields a +0 longbow.
The centaur warrior shoots an arrow.
The arrow hits you!!
* * * LOW HITPOINT WARNING * * *
You feel much better.
The yaktaur wields a +1 arbalest of flaming.
It bursts into flame!
The yaktaur shoots a bolt.
The bolt hits you!!
* * * LOW HITPOINT WARNING * * *
The bolt burns you.
* * * LOW HITPOINT WARNING * * *
The centaur warrior shoots an arrow.
The arrow hits you!!
You die...

.............#######..
........................
#....$..................
########†...............
#................
#................
#........§§§.....
#....##().§§.....
#....##..@§......
#....##(§........
#....##§..c....c.
#.......§........
...########'##### #.#.
... #### ..#...


You could see a centaur warrior and a yaktaur.

Vanquished Creatures
  Rupert (Lair:5)
  An ironheart preserver (D:14)
  A dire elephant (Gauntlet)
  A fire dragon (D:15)
  3 hydras
  Harold (D:7)
  4 centaur warriors
  2 catoblepae (D:14)
  3 two-headed ogres
  3 death yaks
  A tengu warrior (D:14)
  3 skeletal warriors
  An unseen horror (shapeshifter) (D:13)
  A lindwurm (Lair:5)
  A deep elf mage (D:15)
  Pikel (D:7)
  12 ugly things
  3 cyclopes
  2 orb spiders (Spider:1)
  7 elephants
  5 wolf spiders
  2 manticores (D:14)
  Joseph (D:9)
  6 black mambas
  11 cane toads
  Maggie (D:7)
  6 rime drakes
  A yaktaur (D:15)
  4 komodo dragons
  A freezing wraith (D:15)
  7 hornets
  3 trolls
  A jumping spider (Lair:4)
  6 polar bears
  Prince Ribbit (Lair:3)
  17 blink frogs
  A slime creature (D:12)
  A dream sheep (Lair:6)
  5 hippogriffs
  3 redbacks (Lair:4)
  A centaur simulacrum (D:15)
  49 yaks
  A water elemental (D:14)
  A wraith (D:12)
  12 spriggans
  2 fire elementals (D:15)
  Grum (D:9)
  3 basilisks
  A wyvern (Lair:3)
  4 vampire mosquitoes
  2 hell hounds (D:15)
  12 water moccasins
  11 porcupines
  5 black bears
  Duvessa (D:7)
  A hornet zombie (D:12)
  14 orc warriors
  4 sky beasts
  5 ice beasts
  3 phantoms
  5 boggarts (Lair:6)
  22 wolves
  An eye of draining (D:15)
  A necrophage (D:6)
  5 ogres
  9 centaurs
  13 crocodiles
  A lemure (D:7)
  A big kobold (D:12)
  18 bullfrogs
  A wyvern zombie (D:10)
  2 gnoll sergeants
  Dowan (D:7)
  7 killer bees
  3 scorpions
  19 wights
  3 electric eels
  3 howler monkeys (D:8)
  A bullfrog zombie (D:5)
  10 hounds
  2 quasits
  A centaur zombie (D:12)
  2 jellies
  2 bullfrog skeletons
  10 orc priests
  4 centaur skeletons
  Jessica (D:2)
  15 orc wizards
  6 worker ants
  9 iguanas
  4 hell rats (Lair:6)
  A worker ant zombie (D:9)
  6 gnolls
  10 adders
  A shadow imp (D:7)
  3 white imps
  2 ufetubi
  An ooze (D:4)
  2 adder zombies
  2 worms
  A dart slug (D:1)
  7 leopard geckos
  71 orcs
  8 bats
  4 giant cockroaches
  11 goblins
  12 hobgoblins
  10 jackals
  12 kobolds
  5 quokkas
  2 ball pythons
  A jackal skeleton (D:5)
  2 leopard gecko skeletons (D:6)
  A leopard gecko zombie (D:9)
  A quokka skeleton (D:4)
  10 rats
636 creatures vanquished.

Vanquished Creatures (others)
  A minotaur (Gauntlet)
  2 hydras
  A two-headed ogre (D:14)
  A death knight (D:15)
  3 tengu warriors (D:14)
  A skeletal warrior (D:13)
  The ghost of Gargoyl the Chopper, a novice CeAK of Lugonu (D:6)
  A deep elf mage (D:14)
  A slime creature (D:12)
  2 ugly things (D:14)
  2 yaktaurs (D:15)
  3 komodo dragons
  A freezing wraith (D:15)
  2 polar bears (Lair:6)
  A hornet (Lair:6)
  A queen bee (Gauntlet)
  2 blink frogs (Lair:6)
  A hippogriff (Lair:6)
  A wraith (D:12)
  A spriggan (Lair:6)
  5 yaks
  A fire elemental (D:15)
  A vampire (D:11)
  2 vampire mosquitoes (D:13)
  A hell hound (D:15)
  5 wolves (Lair:6)
  A bullfrog (Lair:1)
  A killer bee (Gauntlet)
  A wight (D:13)
  An electric eel (Lair:6)
  A quasit (D:13)
  2 centaur skeletons
  A hell rat (Lair:6)
  9 fungi
  8 plants
69 creatures vanquished.

Grand Total: 705 creatures vanquished

Notes
Turn   | Place    | Note
-------+----------+-------------------------------------------
     0 | Abyss:1  | fritzmikael the Spriggan Abyssal Knight began the quest for
                  | the Orb.
     0 | Abyss:1  | Reached XP level 1. HP: 11/11 MP: 3/3
    45 | D:1      | Escaped the Abyss
   670 | D:1      | Reached skill level 1 in Stealth
   670 | D:1      | Reached XP level 2. HP: 3/16 MP: 4/4
  1299 | D:1      | Reached ** piety under Lugonu
  1299 | D:1      | Reached skill level 4 in Dodging
  1310 | D:1      | Reached XP level 3. HP: 12/19 MP: 5/5
  1549 | D:1      | You fall into a shaft and drop 1 floor!
  1558 | D:2      | Found a faded altar of an unknown god.
  1628 | D:2      | Noticed Jessica
  1660 | D:2      | Killed Jessica
  1842 | D:2      | Reached XP level 4. HP: 24/24 MP: 6/6
  2010 | D:2      | Found an ancient bone altar of Kikubaaqudgha.
  3087 | D:4      | Reached XP level 5. HP: 28/28 MP: 7/7
  3112 | D:4      | Reached *** piety under Lugonu
  3957 | D:4      | Reached skill level 5 in Dodging
  3957 | D:4      | Reached XP level 6. HP: 20/33 MP: 9/9
  4234 | D:4      | Found a shadowy altar of Dithmenos.
  5804 | D:4      | Reached XP level 7. HP: 38/38 MP: 10/10
  5992 | D:4      | Found a staircase to the Ecumenical Temple.
  6030 | D:5      | Entered Level 5 of the Dungeon
  6283 | D:5      | Reached **** piety under Lugonu
  6430 | D:5      | You fall into a shaft and drop 3 floors!
  6448 | D:7      | Noticed Harold
  6472 | D:7      | Killed Harold
  6472 | D:7      | Reached skill level 5 in Fighting
  6472 | D:7      | Reached skill level 5 in Short Blades
  6472 | D:7      | Reached skill level 7 in Dodging
  6472 | D:7      | Reached skill level 5 in Stealth
  6472 | D:7      | Reached skill level 1 in Shields
  6472 | D:7      | Reached XP level 8. HP: 43/43 MP: 10/12
  6496 | D:7      | Noticed Pikel
  6513 | D:7      | Killed Pikel
  6513 | D:7      | Reached skill level 8 in Dodging
  6640 | D:6      | Reached skill level 5 in Invocations
  6691 | D:6      | Found a runed translucent door.
  6692 | D:6      | Noticed Gargoyl's ghost (novice CeAK)
  6741 | D:6      | Reached XP level 9. HP: 39/47 MP: 13/13
  7984 | D:6      | Banished Gargoyl's ghost
  7984 | D:6      | Reached skill level 9 in Dodging
  8082 | D:7      | Noticed Duvessa
  8082 | D:7      | Noticed Dowan
  8090 | D:7      | Found Arphy's Antique Armour Shop.
  8111 | D:7      | Killed Duvessa
  8113 | D:7      | Killed Dowan
  8271 | D:7      | Noticed Maggie
  8329 | D:7      | Killed Maggie
  8329 | D:7      | Reached skill level 1 in Spellcasting
  9815 | D:8      | Learned a level 2 spell: Poisonous Vapours
  9819 | D:8      | Learned a level 3 spell: Mephitic Cloud
 10067 | D:8      | Reached XP level 10. HP: 38/53 MP: 15/15
 10511 | D:8      | Reached skill level 10 in Dodging
 10914 | D:9      | Noticed Joseph
 10952 | D:9      | Killed Joseph
 10997 | D:9      | Reached skill level 1 in Poison Magic
 11324 | D:9      | Noticed a two-headed ogre
 11406 | D:9      | Killed a two-headed ogre
 11731 | D:9      | Noticed Grum
 11763 | D:9      | Killed Grum
 11811 | D:9      | Reached ***** piety under Lugonu
 11954 | D:9      | Reached skill level 1 in Conjurations
 11995 | D:9      | Reached XP level 11. HP: 55/58 MP: 0/18
 12248 | D:9      | Noticed a two-headed ogre
 12259 | D:9      | Killed a two-headed ogre
 12259 | D:9      | Reached skill level 11 in Dodging
 12324 | D:9      | Found a staircase to the Orcish Mines.
 12399 | D:9      | Found a sacrificial altar of Ru.
 12400 | D:9      | Found a shimmering blue altar of Sif Muna.
 12675 | D:9      | Found a runed translucent gate.
 12675 | D:9      | Found a runed translucent gate.
 12675 | D:9      | Found a runed translucent gate.
 12676 | D:9      | Noticed Qiliddir's ghost (novice FeTm)
 12677 | D:9      | Noticed BritishOli's ghost (novice DsGl)
 12739 | D:10     | Entered Level 10 of the Dungeon
 12760 | D:10     | Upgraded the game from 0.26-a0-244-g083ca260ac to
                  | 0.26-a0-252-gb32a1a6195
 12941 | D:10     | Noticed Sonja
 12950 | D:10     | Banished Sonja
 12950 | D:10     | Reached skill level 5 in Spellcasting
 13763 | D:11     | Reached skill level 5 in Shields
 13865 | D:11     | Noticed a death yak
 13886 | D:11     | Noticed a death yak
 13901 | D:11     | Noticed a purple ugly thing
 14323 | D:11     | Noticed a death yak
 14440 | D:11     | Killed a death yak
 14692 | D:11     | Killed a death yak
 14717 | D:11     | HP: 1/58 [death yak (16)]
 14721 | D:10     | Killed a death yak
 15347 | D:10     | Killed a purple ugly thing
 15778 | D:11     | Found a staircase to the Lair.
 16276 | D:11     | Reached XP level 12. HP: 57/64 MP: 22/22
 16523 | Lair:1   | Entered Level 1 of the Lair of Beasts
 16577 | Lair:1   | Reached skill level 12 in Dodging
 18858 | Lair:2   | Noticed an eight-headed hydra
 19138 | Lair:2   | Killed an eight-headed hydra
 20147 | Lair:3   | Found a staircase to the Swamp.
 20416 | Lair:3   | Reached skill level 10 in Short Blades
 20800 | Lair:3   | Reached skill level 13 in Dodging
 20859 | Lair:3   | Noticed Prince Ribbit
 20891 | Lair:3   | Killed Prince Ribbit
 21057 | Lair:3   | Reached ****** piety under Lugonu
 21804 | Lair:4   | Reached XP level 13. HP: 45/70 MP: 26/26
 21980 | Lair:4   | Identified 3 scrolls of acquirement
 21980 | Lair:4   | Acquired a +4 vampiric rapier
 21982 | Lair:4   | Acquired a +3 rapier of holy wrath
 21983 | Lair:4   | Acquired a +7 quick blade
 22136 | Lair:4   | Found a hole to the Spider Nest.
 22404 | Lair:4   | Found a frozen archway.
 23377 | Spider:1 | Entered Level 1 of the Spider Nest
 23393 | Spider:1 | Identified Roxanne's Volume of Transformation
 23393 | Spider:1 | Noticed Roxanne
 23922 | Lair:5   | Noticed Rupert
 23924 | Lair:5   | Identified a +9 quick blade of distortion (a +9 quick blade
                  | corrupted by Lugonu)
 23924 | Lair:5   | Received a gift from Lugonu
 23998 | Lair:5   | Paralysed by Rupert for 4 turns
 24011 | Lair:5   | Killed Rupert
 24752 | Lair:6   | Entered Level 6 of the Lair of Beasts
 24769 | Lair:6   | Reached skill level 14 in Dodging
 24805 | Lair:6   | Reached skill level 10 in Fighting
 25104 | Lair:6   | Reached XP level 14. HP: 55/77 MP: 28/28
 25423 | Lair:6   | Reached skill level 10 in Spellcasting
 26795 | Lair:6   | Found a staircase to the Slime Pits.
 27308 | D:12     | Found a gate leading to a gauntlet.
 27318 | Gauntlet | Entered a Gauntlet
 27318 | Gauntlet | Found a large runed translucent door.
 27318 | Gauntlet | Found a large runed translucent door.
 27318 | Gauntlet | Found a large runed translucent door.
 27318 | Gauntlet | Found a large runed translucent door.
 27318 | Gauntlet | Found a large runed translucent door.
 27318 | Gauntlet | Found a transporter.
 27318 | Gauntlet | Found a large runed translucent door.
 27318 | Gauntlet | Found a large runed translucent door.
 27318 | Gauntlet | Found a large runed translucent door.
 27318 | Gauntlet | Found a runed translucent door.
 27318 | Gauntlet | Found a runed translucent gate.
 27318 | Gauntlet | Found a runed translucent gate.
 27318 | Gauntlet | Found a transporter.
 27318 | Gauntlet | Found a transporter.
 27370 | Gauntlet | Found a transporter.
 27374 | Gauntlet | Found a transporter.
 27375 | Gauntlet | Found a transporter.
 27381 | Gauntlet | Found a transporter.
 27382 | Gauntlet | Found a transporter.
 27383 | Gauntlet | Found a transporter.
 27386 | Gauntlet | Found a transporter.
 27394 | Gauntlet | Found a transporter.
 27394 | Gauntlet | Found a transporter.
 27437 | Gauntlet | Found a runed translucent gate.
 27438 | Gauntlet | Found a large runed translucent door.
 27438 | Gauntlet | Found a large runed translucent door.
 27439 | Gauntlet | Found a large runed translucent door.
 27440 | Gauntlet | Found a large runed translucent door.
 27441 | Gauntlet | Found a large runed translucent door.
 27441 | Gauntlet | Found a large runed translucent door.
 27441 | Gauntlet | Found a runed translucent door.
 27442 | Gauntlet | Found a large runed translucent door.
 27443 | Gauntlet | Found a large runed translucent door.
 27475 | Gauntlet | Found a runed translucent door.
 27580 | Gauntlet | Identified the +5 fustibalus of Grontol {flame, rElec rC+
                  | Int+3 Dex+4} (You found it in a Gauntlet)
 27701 | Gauntlet | Identified the +3 arbalest of Dixtu {flame, +Fly SInv}
 27701 | Gauntlet | Identified the +3 plate armour "Quviz" {-Tele Int+4 SInv
                  | Stlth+}
 27908 | D:12     | Reached skill level 15 in Dodging
 28092 | D:12     | Found a basalt altar of Yredelemnul.
 28872 | D:13     | Reached skill level 10 in Stealth
 29234 | D:13     | Identified the cursed +2 hand crossbow of Sloth {elec,
                  | *Slow +Inv +Fly MR+++} (You found it on level 13 of the
                  | Dungeon)
 30486 | D:14     | Noticed an ironheart preserver
 30487 | D:14     | Found a gate to the Vaults.
 30515 | D:14     | Killed an ironheart preserver
 30516 | D:14     | Reached XP level 15. HP: 60/84 MP: 30/30
 31072 | D:14     | Reached skill level 16 in Dodging
 32361 | D:15     | Entered Level 15 of the Dungeon
 32617 | D:15     | Found a staircase to the Depths.
 32837 | D:15     | Reached skill level 1 in Armour
 33076 | D:15     | Noticed Azrael
 33093 | D:15     | Banished Azrael
 33178 | D:15     | Shot with an arrow by a centaur warrior

Illustrated notes

Levels and vault maps discovered:
D:1:      sevenhm_arrival_forest_fort_large_4, layout_loops_ring,
          wad_floor_pattern_2
D:2:      kennysheep_big_flooded_room, layout_basic, lemuel_doored_altar,
          chequers_ecumenical_altar_simple_redux, minmay_tetromino_i4,
          uniq_jessica
D:3:      layout_loops_ring, first_ration, serial_glass, glass_columns_a,
          glass_columns_c, chequers_serial_rivers_micro_b, serial_bayou_lagoon_a
D:4:      corexii_shantytown, layout_basic, nicolae_dithmenos_the_darkroom,
          temple_hall
D:5:      layout_basic
D:6:      layout_basic, gammafunk_ghost_grave
D:7:      layout_basic, serial_shops, shop, grunt_ogre_cave, uniq_duvessa,
          uniq_pikel, uniq_harold, uniq_maggie
D:8:      layout_gridville, serial_bayou_pond_b
D:9:      layout_basic, gammafunk_temple_overflow_pools, david_orc_4,
          gammafunk_ghost_cemetery, uniq_grum, uniq_joseph
D:10:     layout_roguey, uniq_sonja
D:11:     layout_basic, dpeg_lair_monsters, kennysheep_generic_room_15
D:12:     layout_stronghold, gauntlet_entry_generic, basic_altar
D:13:     layout_small_grid
D:14:     nzn_motion_control, layout_basic, skrybe_vaults_entry_preservation,
          dk_noncrumbling_4, kennysheep_potato
D:15:     grunt_enter_depths_hoard, layout_stronghold,
          hangedman_abyss_or_decor_passed, uniq_azrael
Lair:1:   layout_roguey, serial_bayou_lagoon_b
Lair:2:   layout_loops_ring
Lair:3:   layout_loops_ring, swamp_mist_pool, uniq_prince_ribbit2
Lair:4:   layout_small_grid, spider_nest_entry_a, portal_ice_cave_rime,
          grunt_forest_stairs_basic, grunt_megastairs_3, lemuel_fruit_tree
Lair:5:   layout_roguey, uniq_rupert
Lair:6:   minmay_lair_end_enchanted_forest, layout_gridlike,
          minmay_slime_entry_oklob_open, serial_bayou_shore_b,
          minmay_lair_oklob_chamber
Spider:1: layout_spider_delve, uniq_roxanne, uniq_donald

Skill      XL: |  1  2  3  4  5  6  7  8  9 10 11 12 13 14 15 |
---------------+----------------------------------------------+-----
Stealth        | 1 2 3 4 5 7 11 12 | 12.2
Invocations    | 2 3 4 5 6 7 8 9 |  9.3
Dodging        | 4 5 7 8 9 10 11 13 14 15 16 | 16.4
Fighting       | 3 4 5 6 7 8 10 11 12 | 12.7
Short Blades   | 3 5 7 8 9 10 11 | 11.0
Shields        | 1 2 3 4 5 6 7 |  7.2
Spellcasting   | 2 4 6 8 9 10 | 10.7
Poison Magic   | 2 |  2.0
Conjurations   | 1 3 |  3.0
Armour         | 2 |  2.6

Action                   |  1- 3 |  4- 6 |  7- 9 | 10-12 | 13-15 || total
-------------------------+-------+-------+-------+-------+-------++-------
Melee: Short sword       |   131 |       |       |       |       ||   131
       Dagger            |    37 |   209 |   370 |  2028 |    23 ||  2667
       Quick blade       |       |       |       |       |  1188 ||  1188
 Fire: Hunting sling     |       |       |    76 |    39 |       ||   115
Throw: Dart              |       |    56 |    25 |    63 |    21 ||   165
 Cast: Poisonous Vapours |       |       |       |    33 |       ||    33
       Mephitic Cloud    |       |       |       |     4 |     6 ||    10
Invok: Bend Space        |       |     2 |       |       |     1 ||     3
       Banish            |       |       |     4 |     3 |       ||     7
       Brand Weapon With |       |       |       |       |     1 ||     1
Evoke: Wand              |       |       |       |     1 |     4 ||     5
  Use: Scroll            |     5 |       |     8 |     7 |    17 ||    37
       Potion            |       |     1 |     4 |     1 |     4 ||    10
 Stab: Sleeping          |       |    18 |     9 |    18 |    34 ||    79
       Invisible         |       |       |     4 |       |       ||     4
       Confused          |       |       |       |     4 |     5 ||     9
       Distracted        |       |       |       |     1 |     4 ||     5
  Eat: Ration            |       |     1 |     2 |     5 |     4 ||    12
Armor: Robe              |    15 |     7 |     6 |       |       ||    28
       Steam dragon scal |       |       |     7 |   100 |    39 ||   146
       Fire dragon scale |       |       |       |       |     3 ||     3
Dodge: Dodged            |   148 |   130 |   205 |   937 |   418 ||  1838
Block: Buckler           |       |       |    80 |   418 |   183 ||   681

Table legend:
 A = Non-vault XP
 B = Vault XP
 C = Vault XP percentage of total XP
 D = Non-vault monster count
 E = Vault monster count
 F = Vault count percentage of total count
                 A         B        C        D         E       F
            +---------+---------+-------+---------+---------+-------
      Total |   91345 |   39762 |  30.3 |     533 |     162 |  23.3
            +---------+---------+-------+---------+---------+-------
        D:1 |      47 |       0 |   0.0 |      26 |       0 |   0.0
        D:2 |      52 |      57 |  52.3 |      15 |       6 |  28.6
        D:3 |      33 |       0 |   0.0 |      12 |       0 |   0.0
        D:4 |     495 |      86 |  14.8 |      24 |      27 |  52.9
        D:5 |     271 |       0 |   0.0 |      14 |       0 |   0.0
        D:6 |     713 |     628 |  46.8 |      19 |       1 |   5.0
        D:7 |     460 |    2356 |  83.7 |      10 |       8 |  44.4
        D:8 |    1205 |     124 |   9.3 |      20 |       2 |   9.1
        D:9 |    4035 |    1699 |  29.6 |      37 |      22 |  37.3
       D:10 |    1988 |    1676 |  45.7 |      18 |       2 |  10.0
       D:11 |    4118 |    2245 |  35.3 |      57 |       5 |   8.1
       D:12 |    6429 |       0 |   0.0 |      46 |       0 |   0.0
       D:13 |    8513 |       0 |   0.0 |      28 |       0 |   0.0
       D:14 |   13874 |    7682 |  35.6 |      29 |      14 |  32.6
       D:15 |    8616 |    4392 |  33.8 |      20 |       9 |  31.0
     Lair:1 |    3456 |       0 |   0.0 |      18 |       0 |   0.0
     Lair:2 |    5259 |       0 |   0.0 |      24 |       0 |   0.0
     Lair:3 |    4842 |    1346 |  21.8 |      16 |       5 |  23.8
     Lair:4 |    6722 |    1404 |  17.3 |      26 |       5 |  16.1
     Lair:5 |    4186 |    3652 |  46.6 |      15 |       3 |  16.7
     Lair:6 |   13026 |    8011 |  38.1 |      53 |      43 |  44.8
   Spider:1 |    3005 |       0 |   0.0 |       6 |       0 |   0.0
   Gauntlet |       0 |    4404 | 100.0 |       0 |      10 | 100.0
            +---------+---------+-------+---------+---------+-------
